 Dungeon Crawl Stone Soup version 0.27-a0-1378-gdefffd1ff6 (webtiles) character file.

Game seed: 9686425515197767838

14 sanka the Magician (level 2, -2/21 HPs)
             Began as a Djinni Summoner on June 29, 2021.
             Slain by a goblin (5 damage)
             ... on level 1 of the Dungeon.
             The game lasted 00:01:07 (1066 turns).

sanka the Magician (Djinni Summoner)                Turns: 1066, Time: 00:01:08

Health: -2/21      AC:  2    Str:  7    XL:     2   Next: 60%
Gold:   23         EV: 12    Int: 16    God:
                   SH:  0    Dex: 19

rFire    + + .     SeeInvis .   b - +0 hand axe
rCold    x . .     Faith    .   (no shield)
rNeg     . . .     Spirit   .   a - +0 robe
rPois    ∞         Reflect  .   (no helmet)
rElec    .         Harm     .   (no cloak)
rCorr    .         Rampage  .   (no gloves)
Will     .....                  (boots unavailable)
Stlth    ++........             (no amulet)
HPRegen  0.07/turn              (no ring)
MPRegen  0.00/turn              c - +6 ring of dexterity

@: flying
A: sickness immunity, fire resistance 2, cold vulnerability 1, float, innate
caster, hp casting, extra vitality 1
a: no special abilities


You were on level 1 of the Dungeon.
You visited 1 branch of the dungeon, and saw 1 of its levels.

You collected 23 gold pieces.


Innate Abilities, Weirdness & Mutations

You are immune to sickness and miasma.
You are immune to poison.
Your flesh is very heat resistant. (rF++)
You are vulnerable to cold. (rC-)
You float through the air rather than walking.
You learn spells naturally, not from books.
Your magical power is your life essence.
You have superior vitality. (+4 HP)


   Skills:
 - Level 2.1 Dodging
 - Level 1.5 Stealth
 + Level 3.7 Spellcasting


You couldn't memorise any spells.
You knew the following spells:

 Your Spells              Type           Power      Damage    Failure   Level
c - Call Canine Familiar  Summ           15%        N/A       11%         3
v - Summon Ice Beast      Ice/Summ       15%        N/A       36%         4
x - Call Imp              Summ           15%        N/A       5%          2
z - Summon Small Mammal   Summ           60%        N/A       3%          1
X - Summon Lightning Spi  Summ/Air       15%        N/A       36%         4
Z - Summon Guardian Gole  Hex/Summ       15%        N/A       11%         3
Your spell library was empty.

Inventory:

Hand Weapons
 b - a +0 hand axe (weapon)
Missiles
 d - 2 throwing nets {=f}
Armour
 a - a +0 robe (worn)
Jewellery
 c - a +6 ring of dexterity (right hand)

Dungeon Overview and Level Annotations

Branches:
Dungeon (1/15)

Altars:

▒▒▒▒▒▒.▒▒▒ ▒....▒ ▒▒...▒.▒
.........▒ ▒....▒ ▒....▒.▒
.........▒ ▒....▒ ▒ ▒▒▒....▒.▒
...).....▒▒▒....▒▒▒.▒▒▒▒.........
.................................
..................▒▒▒▒▒..........
.........▒▒▒....▒▒▒▒.............
...........▒...5▒▒▒▒.▒▒..▒▒......
.........▒.....5Rgh..............
.>.......▒▒▒▒▒▒▒▒▒▒..▒▒▒........>
..▒▒.▒▒..▒▒ ▒▒▒▒ ▒▒........
...▒.▒▒▒..▒▒▒ ▒▒.......
............▒ ▒.......
♣♣♣♣♣♣♣♣♣...▒ ........
♣ff..ff..♣..▒ ▒........
♣ff..f...♣....K ▒▒....(.J
♣..ff...f♣..▒▒..▒


You could see a jackal, a goblin (ally target), a friendly white imp (summoned)
and a friendly shadow imp (summoned).


Message History

A shadowy apparition takes form in the air.
Your shadow imp says, "You called?"
The jackal misses you.
A beastly little devil appears in a puff of frigid air.
The jackal bites you.
* * * LOW HITPOINT WARNING * * *
The jackal bites you.
* * * LOW HITPOINT WARNING * * *
You miss the jackal. The jackal barely misses you.
The jackal closely misses you.
You hit the jackal.
The jackal is severely wounded.
The jackal barely misses you.
You hit the jackal.
You kill the jackal!
The jackal bites you.
* * * LOW HITPOINT WARNING * * *
You hit the jackal.
The jackal is severely wounded.
The jackal bites you.
* * * LOW HITPOINT WARNING * * *
The jackal barely misses you.
You hit the jackal.
You kill the jackal!
You barely miss the goblin.
The goblin hits you with a +1 dagger of venom.
* * * LOW HITPOINT WARNING * * *
The goblin hits you with a +1 dagger of venom.
You die...

Action                   || total
-------------------------++-------
Melee: Hand axe          ||    51
 Cast: Summon Small Mamm ||     2
       Call Imp          ||     3
 Stab: Sleeping          ||     1
Armor: Robe              ||     6
Dodge: Dodged            ||    49

Levels and vault maps discovered:
D:1:      scummos_arrival_checkerplants, layout_rooms,
          shapermc_ecumenical_altar_flowoftime, minmay_crystal_room,
          minmay_misc_feat_ornament

Notes
Turn   | Place    | Note
-------+----------+-------------------------------------------
     0 | D:1      | sanka the Djinni Summoner began the quest for the Orb.
     0 | D:1      | Reached XP level 1. HP: 15/15 MP: 0/0
   514 | D:1      | Reached XP level 2. HP: 21/21 MP: 0/0
   773 | D:1      | Found a faded altar of an unknown god.
  1066 | D:1      | Slain by a goblin

Vanquished Creatures
  2 endoplasms (D:1)
  A giant cockroach (D:1)
  A goblin (D:1)
  A hobgoblin (D:1)
  3 jackals (D:1)
  2 ball pythons (D:1)
  2 rats (D:1)
12 creatures vanquished.

Vanquished Creatures (collateral kills)
  An endoplasm (D:1)
1 creature vanquished.

Vanquished Creatures (others)
  10 fungi (D:1)
  A plant (D:1)
11 creatures vanquished.

Grand Total: 24 creatures vanquished
